 Dungeon Crawl Stone Soup version 0.27-a0-650-g8dd3ea4f36 (webtiles) character file.

Game seed: 4394450283689743059

17 CurlyBrace the Caller (level 2, -2/12 HPs)
             Began as a Felid Summoner on Mar 16, 2021.
             Slain by a kobold
             ... wielding a +0 short sword
              (5 damage)
             ... on level 3 of the Dungeon.
             The game lasted 00:03:29 (378 turns).

CurlyBrace the Caller (Felid Summoner)               Turns: 378, Time: 00:03:30

Health: -2/12      AC:  1    Str:  4    XL:     2   Next: 44%
Magic:  1/6        EV: 17    Int: 16    God:
Gold:   69         SH:  0    Dex: 16    Spells: 4/5 levels left
                                        Lives:  0   Deaths: 0

rFire    . . .     SeeInvis +     - Unarmed
rCold    . . .     Faith    .   (shield unavailable)
rNeg     . . .     Spirit   .   (armour unavailable)
rPois    .         Reflect  .   (helmet unavailable)
rElec    .         Harm     .   (cloak unavailable)
rCorr    .         Rampage  .   (gloves unavailable)
Will     .....                  (boots unavailable)
Stlth    +++.......             (no amulet)
HPRegen  0.04/turn              c - ring of wizardry
MPRegen  0.10/turn              (no ring)

@: quick
A: very small, claws 1, fangs 3, see invisible, speed 1, shaggy fur 1, stealthy
paws, no weapons or thrown items, no armour, multi-lived
a: no special abilities


You were on level 3 of the Dungeon.
You visited 1 branch of the dungeon, and saw 3 of its levels.

You collected 69 gold pieces.

Inventory:

Jewellery
 c - a ring of wizardry (right paw)
   (You found it on level 2 of the Dungeon)


   Skills:
 * Level 1.1 Fighting
 - Level 3.0 Dodging
 - Level 3.0 Stealth
 * Level 1.1 Unarmed Combat
 - Level 2.0 Spellcasting
 - Level 4.0 Summonings


You had 4 spell levels left.
You knew the following spells:

 Your Spells              Type           Power      Damage    Failure   Level
a - Summon Small Mammal   Summ           56%        N/A       1%          1

Your spell library contained the following spells:

 Spells                   Type           Power      Damage    Failure   Level
 Call Imp                 Summ           14%        N/A       2%          2
 Call Canine Familiar     Summ           14%        N/A       4%          3
 Summon Guardian Golem    Hex/Summ       8%         N/A       11%         3
 Summon Ice Beast         Ice/Summ       8%         N/A       32%         4
 Summon Lightning Spire   Summ/Air       8%         N/A       32%         4


Dungeon Overview and Level Annotations

Branches:
Dungeon (3/15)

Altars:


Innate Abilities, Weirdness & Mutations

You have sharp claws.
You have razor-sharp teeth.
You have supernaturally acute eyesight. (SInv)
You cover ground quickly. (Speed+)
You are covered in fur. (AC +1)
Your stealthy paws help you sneak and pounce on unaware monsters.
You are incapable of wielding weapons or throwing items.
You cannot wear armour.
You gain extra lives every three experience levels.


Message History

Orders for allies: a - Attack new target. r - Retreat! s - Stop attacking. g - Guard the area. f - Follow me.
Anything else - Cancel.
Gang up on whom?
Press: ? - help, Dir - move target, f - hobgoblin
Aim: a hobgoblin, wielding a +0 club (ally target) Attack!
Your quokka bites the hobgoblin.
The hobgoblin hits your quokka with a +0 club.
Your quokka dies!
Your quokka's corpse disappears in a puff of smoke!
Unknown command.
Your rat bites the hobgoblin.
The hobgoblin dies!
There is a stone staircase leading down here.
You see here a +0 club.
You climb downwards.
Your summoned ally is left behind.
A kobold comes into view. It is wielding a +0 short sword.
The kobold shouts!
There is a stone staircase leading up here.
You can't go down here!
Casting: Summon Small Mammal (safe; 1% risk of failure)
Confirm with . or Enter, or press ? or * to list all spells.
The kobold closely misses your bat.
Casting: Summon Small Mammal (safe; 1% risk of failure)
Confirm with . or Enter, or press ? or * to list all spells.
Your bat hits the kobold but does no damage. x2
Your bat hits the kobold but does no damage.
Your bat hits the kobold.
Your rat barely misses the kobold.
Casting: Summon Small Mammal (safe; 1% risk of failure)
Confirm with . or Enter, or press ? or * to list all spells.
Your bat hits the kobold but does no damage.
Your bat barely misses the kobold.
Unknown command.
Your bat closely misses the kobold.
Your rat bites the kobold.
You scratch the kobold but do no damage.
The kobold is heavily wounded.
Your bat completely misses the kobold.
Your bat barely misses the kobold.
The kobold hits you with a +0 short sword.
You die...

# ### .... ..# ...
#.# ##.##.## .
......# ... #.
#..# #
#..##.##..####....
.#.....b.r.......#
.......@Kr...#####
.#.###.###.### ...
#.# ..### #.# ##
#.. #.# ..# ##


You could see a kobold (ally target), a friendly quokka (summoned), a friendly
bat (summoned) and a friendly rat (summoned).

Vanquished Creatures
  A dart slug (D:1)
  2 goblins (D:1)
  2 hobgoblins (D:2)
  A rat (D:1)
6 creatures vanquished.

Vanquished Creatures (collateral kills)
  An adder (D:2)
  2 bats
  A giant cockroach (D:2)
  A hobgoblin (D:2)
  A kobold (D:2)
6 creatures vanquished.

Grand Total: 12 creatures vanquished

Notes
Turn   | Place    | Note
-------+----------+-------------------------------------------
     0 | D:1      | CurlyBrace the Felid Summoner began the quest for the Orb.
     0 | D:1      | Reached XP level 1. HP: 7/7 MP: 4/4
   274 | D:2      | Reached skill level 1 in Fighting
   274 | D:2      | Reached skill level 1 in Unarmed Combat
   274 | D:2      | Reached XP level 2. HP: 9/12 MP: 0/6
   378 | D:3      | Slain by a kobold

Illustrated notes

Levels and vault maps discovered:
D:1:      amcnicky_arrival_abandoned_market, layout_basic, serial_park_tiny_2
D:2:      layout_rooms, xom_redecorated
D:3:      layout_loops_ring, nicolae_overflow_crystal_walls,
          grunt_temple_overflow_open

Skill      XL: |  1  2 |
---------------+-------+-----
Fighting       | 1 |  1.1
Unarmed Combat | 1 |  1.1
Stealth        | 3 |  3.0
Dodging        | 3 |  3.0
Spellcasting   | |  2.0
Summonings     | |  4.0

Action                   || total
-------------------------++-------
Melee: Unarmed           ||    25
       Bite              ||     4
 Cast: Summon Small Mamm ||    17
  Use: Potion            ||     3
       Scroll            ||     4
 Stab: Sleeping          ||     2
Armor: Skin              ||     3
Dodge: Dodged            ||    18

Table legend: (Time is in decaauts)
 A = Elapsed time spent in this place.
 B = Non-inter-level travel time spent in this place.
 C = Inter-level travel time spent in this place.
 D = Time resting spent in this place.
 E = Time spent auto-exploring this place.
 F = Levels seen in this place.
 G = Mean time per level.
                   A        B        C        D        E       F      G
               +--------+--------+--------+--------+--------+-----+--------+
         Total |    316 |    316 |      0 |      0 |      0 |   3 |  105.3 |
       Dungeon |    316 |    316 |      0 |      0 |      0 |   3 |  105.3 |
               +--------+--------+--------+--------+--------+-----+--------+

Top non-repeatable levels by time:
     D:1: 210 daAuts
     D:2: 95 daAuts
     D:3: 9 daAuts
